Kradschützen Motorcycle Team
Construct Light Support Kompanie
Construct Mechanized Kompanie
Selects L6/40 Light Tank Combat Group
Selects Defensive Operations
254 Reconnaissance Tractor
Construct Panzerarmee Kommand
Panzerjäger Mechanized Group
Selects Towed Cannone da 105/28 Field Howitzer
Towed Cannone da 105/28 Field Howitzer
Selects Prepared Positions
Selects Obice 305mm Barrage
Marder III Tank Destroyer